 Dungeon Crawl Stone Soup version 0.29-a0-275-g389c0b56f3 (webtiles) character file.

Game seed: 4109783976975465069

242956 cfesf the Imperceptible (level 19, -2/100 HPs)
             Began as a Spriggan Enchanter on Mar 9, 2022.
             Was the Champion of Dithmenos.
             Slain by the 27-headed Lernaean hydra (9 damage)
             ... on level 4 of the Swamp on Mar 12, 2022.
             The game lasted 02:33:29 (41636 turns).

cfesf the Imperceptible (Spriggan Enchanter)       Turns: 41636, Time: 02:33:29

Health: -2/100     AC: 18    Str: 10    XL:     19   Next: 44%
Magic:  35/42      EV: 28    Int: 22    God:    Dithmenos [******]
Gold:   2168       SH:  5    Dex: 15    Spells: 38/54 levels left

rFire   . . .      SeeInvis +   D - +2 quick blade (vorpal)
rCold   . . .      Faith    .   R - orb {guile}
rNeg    . . .      Spirit   .   C - +2 steam dragon scales
rPois   .          Reflect  +   O - +2 hat
rElec   .          Harm     .   j - +2 cloak
rCorr   .          Rampage  .   (gloves unavailable)
Will    +....                   (boots unavailable) Stlth ********++
                                m - amulet of Duniv {Reflect Regen+ Int+3 SH+5 Stlth+}
HPRegen 1.06/turn               p - +4 ring of slaying
MPRegen 0.28/turn               e - +4 ring of protection

@: marked, wreathed by umbra, very quick
A: very small, no large weapons, unfitting armour, see invisible, speed 3,
talons 1, iridescent scales 1, sturdy frame 1
a: Renounce Religion, Shadow Step, Shadow Form


You were on level 4 of the Swamp.
You worshipped Dithmenos.
Dithmenos was exalted by your worship.
You visited 6 branches of the dungeon, and saw 32 of its levels.
You also visited: Ossuary and Volcano.

You collected 3576 gold pieces.
You spent 1408 gold pieces at shops.

Inventory:

Hand Weapons
 a - a +6 dagger of venom
 D - a +2 vorpal quick blade (weapon)
Missiles
 k - 32 poisoned darts (quivered)
 n - a throwing net
 A - 13 atropa-tipped darts
 V - 3 boomerangs of dispersal
Armour
 j - a +2 cloak (worn)
 C - +2 steam dragon scales (worn)
 J - a +1 robe of cold resistance
 O - a +2 hat (worn)
 R - an orb of guile (worn)
 Y - a +1 robe of fire resistance
Jewellery
 d - a +4 ring of evasion
 e - a +4 ring of protection (right hand)
 l - a ring of poison resistance
 m - the amulet of Duniv (around neck) {Reflect Regen+ Int+3 SH+5 Stlth+}
   (You acquired it on level 2 of the Swamp)

   [amulet of reflection]

   It reflects blocked missile attacks.
   Int:       It affects your intelligence (+3).
   Regen:     It increases your rate of health regeneration.
   SH:        It affects your SH (+5).
   Stlth:     It makes you more stealthy.
 p - a +4 ring of slaying (left hand)
 s - a ring of resist corrosion
 z - a +6 ring of dexterity
 G - a ring of protection from fire
 Z - a ring of protection from cold
Wands
 b - a wand of acid (5)
 c - a wand of polymorph (11)
 o - a wand of paralysis (28)
 B - a wand of flame (50)
 E - a wand of digging (11)
 T - a wand of mindburst (9)
 W - a wand of iceblast (3)
Scrolls
 r - 6 scrolls of amnesia
 u - 5 scrolls of holy word
 v - 6 scrolls of teleportation
 F - 5 scrolls of magic mapping
 U - a scroll of summoning
Potions
 f - a potion of curing
 g - 2 potions of invisibility
 h - 2 potions of mutation
 i - 6 potions of cancellation
 q - 4 potions of flight
 w - 2 potions of magic
 H - a potion of haste
 I - 3 potions of might
 K - 3 potions of resistance
 M - 2 potions of ambrosia
 S - 2 potions of berserk rage
 X - 2 potions of brilliance
Miscellaneous
 y - a box of beasts (inert)
 Q - a tin of tremorstones (1/2)


   Skills:
 + Level 11.4 Fighting
 - Level 12.0 Short Blades
 + Level 17.3 Dodging
 + Level 23.7 Stealth
 + Level 18.0 Spellcasting
 + Level 19.3 Hexes


You had 38 spell levels left.
You knew the following spells:

 Your Spells              Type           Power      Damage    Failure   Level
a - Ensorcelled Hibernat  Hex/Ice        100%       N/A       1%          2
b - Tukima's Dance        Hex            81%        N/A       0%          3
c - Dazzling Flash        Conj/Hex       100%       N/A       1%          3
d - Confusing Touch       Hex            81%        N/A       0%          3
e - Blink                 Tloc           38%        N/A       4%          2
f - Stone Arrow           Conj/Erth      38%        3d9       8%          3

Your spell library contained the following spells:

 Spells                   Type           Power      Damage    Failure   Level
 Slow                     Hex            100%       N/A       0%          1
 Inner Flame              Hex/Fire       58%        N/A       1%          3
 Anguish                  Hex/Necr       29%        N/A       1%          4
 Leda's Liquefaction      Hex/Erth       29%        N/A       1%          4
 Foxfire                  Conj/Fire      76%        2x1d7     2%          1
 Sandblast                Erth           38%        2d10      2%          1
 Shock                    Conj/Air       76%        1d7       2%          1
 Passwall                 Tmut/Erth      15%        N/A       4%          2
 Scorch                   Fire           38%        2d6       4%          2
 Static Discharge         Conj/Air       19%        N/A       4%          2
 Sublimation of Blood     Necr           19%        N/A       4%          2
 Conjure Flame            Conj/Fire      19%        6-21      8%          3
 Gell's Gravitas          Tloc           19%        N/A       8%          3
 Ignite Poison            Fire/Tmut/Pois 19%        N/A       8%          3
 Lesser Beckoning         Tloc           19%        N/A       8%          3
 Mephitic Cloud           Conj/Pois/Air  19%        N/A       8%          3
 Spider Form              Tmut/Pois      19%        N/A       8%          3
 Swiftness                Air            19%        N/A       8%          3
 Teleport Other           Tloc           19%        N/A       8%          3
 Vampiric Draining        Necr           19%        2d7       8%          3
 Airstrike                Air            9%         N/A       26%         4
 Dispel Undead            Necr           19%        3d11      26%         4
 Flame Wave               Conj/Fire      19%        2d6       26%         4
 Petrify                  Tmut/Erth      19%        N/A       26%         4
 Sticky Flame             Conj/Fire      19%        2d4       26%         4
 Summon Lightning Spire   Summ/Air       19%        N/A       26%         4
 Alistair's Intoxication  Tmut/Pois      12%        N/A       58%         5
 Borgnjor's Vile Clutch   Necr/Erth      9%         N/A       58%         5
 Freezing Cloud           Conj/Ice/Air   9%         6-21      58%         5
 Irradiate                Conj/Tmut      9%         3d16      58%         5
 Iskenderun's Battlesphe  Conj           19%        2d7       58%         5
 Lee's Rapid Deconstruct  Erth           9%         3d8*      58%         5
 Manifold Assault         Tloc           19%        N/A       58%         5
 Eringya's Noxious Bog    Tmut/Pois      9%         N/A       99%         6
 Iron Shot                Conj/Erth      9%         9d3       99%         6
 Statue Form              Tmut/Erth      12%        N/A       99%         6
 Summon Cactus Giant      Summ           9%         N/A       99%         6
 Malign Gateway           Summ/Tloc      9%         N/A       100%        7
 Spellforged Servitor     Conj/Summ      9%         N/A       100%        7
 Storm Form               Tmut/Air       9%         N/A       100%        7
 Maxwell's Capacitive Co  Air            9%         ∞         100%        8
 Summon Horrible Things   Summ           9%         N/A       100%        8


Dungeon Overview and Level Annotations

Branches:
Dungeon (15/15)            Temple (1/1) D:4            Lair (6/6) D:10
  Swamp (4/4) Lair:3        Snake (4/4) Lair:3        Slime (0/5) Lair:6
    Orc (2/2) D:9             Elf (0/3) Orc:2        Vaults (0/5) D:13
 Depths (0/4) D:15        Ossuary (visited)         Volcano (visited)

Altars:
Ashenzari
Cheibriados
Dithmenos
Elyvilon
Fedhas
Gozag
Hepliaklqana
Kikubaaqudgha
Makhleb
Nemelex Xobeh
Okawaru
Qazlal
Ru
Sif Muna
Trog
Uskayaw
Vehumet
Wu Jian
Xom
Yredelemnul
Zin
The Shining One
Jiyva

Shops:
D:2 (   D:10 ?   D:11 [   Orc:2 :**(=?:?=   Snake:2 =*:

Annotations:
Lair:3 exclusion: oklob plant
Swamp:3 1 runed translucent door, Ijustatesigmund's ghost, adept MiFi
Swamp:4 Lernaean hydra


Innate Abilities, Weirdness & Mutations

You are very small and have problems with some larger weapons.
You are too small for most types of armour.
You have supernaturally acute eyesight. (SInv)
You cover ground extremely quickly. (Speed+++)
You have sharp toenails.
You are partially covered in iridescent scales. (AC +2)
Your movements are slightly less encumbered by armour. (ER -2)


Message History

The 27-headed Lernaean hydra completely misses you.
The 27-headed Lernaean hydra bites you.
* * * LOW HITPOINT WARNING * * *
The 27-headed Lernaean hydra bites you but does no damage. x2
The 27-headed Lernaean hydra completely misses you. x2
The 27-headed Lernaean hydra closely misses you.
The 27-headed Lernaean hydra bites you but does no damage.
The 27-headed Lernaean hydra completely misses you.
The 27-headed Lernaean hydra bites you but does no damage.
The 27-headed Lernaean hydra barely misses you.
Unknown command.
Unknown command.
Unknown command.
You feel better.
You are engulfed in noxious fumes.
The five-headed hydra closely misses you.
The five-headed hydra misses you. The five-headed hydra bites you!
* * * LOW HITPOINT WARNING * * *
The five-headed hydra completely misses you.
The five-headed hydra misses you. The swamp drake completely misses you.
The swamp worm completely misses you.
The 27-headed Lernaean hydra barely misses you.
The 27-headed Lernaean hydra bites you but does no damage.
The 27-headed Lernaean hydra closely misses you.
The 27-headed Lernaean hydra bites you!
* * * LOW HITPOINT WARNING * * *
The 27-headed Lernaean hydra completely misses you.
The 27-headed Lernaean hydra bites you.
* * * LOW HITPOINT WARNING * * *
The 27-headed Lernaean hydra completely misses you.
The 27-headed Lernaean hydra bites you but does no damage.
The 27-headed Lernaean hydra misses you.
You block the 27-headed Lernaean hydra's attack.
The 27-headed Lernaean hydra bites you but does no damage.
The 27-headed Lernaean hydra misses you.
The 27-headed Lernaean hydra closely misses you.
The 27-headed Lernaean hydra bites you.
* * * LOW HITPOINT WARNING * * *
The 27-headed Lernaean hydra closely misses you.
The 27-headed Lernaean hydra bites you!
You die...

♣**≈§.≈#**≈≈*≈≈≈* ** ♣≈**DDw*
*****≈** * *.*##t#**** ***
*♣≈#$†##*≈♣ *****
♣.#§§§#≈.♣*****≈≈≈*
♣♣♣♣§§§§#§♣*≈≈≈**≈≈≈≈
♣#♣♣≈≈♣♣tw§§♣***≈≈≈≈≈≈≈≈
♣♣♣.≈♣.♣♣Dww§♣♣*,,,*≈≈≈*≈≈
♣♣≈...≈..°@k§♣♣*≈≈≈*≈≈≈≈,≈,
♣♣≈...≈#.°kD°..♣≈..,,,≈≈,,,,
♣♣.≈.....≈°.°°°.....,*,≈,,≈≈, ♣
♣♣♣≈§≈......♣≈.≈♣≈.≈..,,,≈≈,,≈,
♣♣♣.....≈...≈≈≈≈≈≈♣♣...≈.≈,,,,≈≈≈
≈≈.≈≈≈≈..≈§.§≈≈≈..♣*♣♣..≈,≈≈≈≈,≈,
§.≈≈≈≈≈≈≈.÷.≈≈.≈≈♣≈..♣≈≈.,,≈≈,,,,
≈.≈≈≈≈≈....≈÷≈.♣♣≈.≈≈.,,,,,,,,≈,,
..≈≈≈≈≈....≈≈≈≈♣*≈≈..≈.,≈,,≈≈≈,,≈


You could see the 27-headed Lernaean hydra (inner flame), a five-headed hydra, a
ghost crab (inner flame), 3 swamp worms and 2 swamp drakes.

Vanquished Creatures
  Frances (Snake:2)
  A thorn hunter (Swamp:4)
  A nagaraja (Snake:2)
  2 fenstrider witches
  An orc warlord (Orc:1)
  Aizul (Snake:2)
  Louise (Snake:3)
  3 ghouls (Swamp:1)
  An ironbound preserver (D:13)
  5 eleionomae
  5 bunyips
  A fire dragon (Lair:6)
  A shambling mangrove (Swamp:3)
  2 salamander tyrants (Snake:2)
  Erolcha (D:13)
  15 hydras
  3 catoblepae
  An ice dragon (D:13)
  Fannar (D:10)
  10 naga warriors
  5 ghost crabs
  3 boulder beetles
  5 centaur warriors
  2 spriggan air magi (Swamp:3)
  A death knight (D:14)
  2 ogre magi
  10 anacondas
  11 alligators
  16 two-headed ogres
  A tengu warrior (D:15)
  Urug (D:10)
  2 spriggan berserkers (Swamp:3)
  6 shock serpents
  3 orc high priests (Orc:2)
  4 naga sharpshooters
  A hell knight (Volcano)
  2 salamander mystics
  A fire crab (Lair:6)
  Lodul (D:11)
  3 spriggan druids
  A death drake (Swamp:2)
  6 goliath frogs
  A bog body (Swamp:1)
  A lindwurm (Lair:6)
  A necromancer (D:15)
  5 swamp dragons
  A phantasmal warrior (D:14)
  A wizard (D:15)
  4 orc knights (Orc:2)
  18 ugly things
  2 deep elf pyromancers
  5 orc sorcerers
  4 mana vipers
  3 will-o-the-wisps
  6 cyclopes
  15 salamanders
  4 manticores
  12 elephants
  Joseph (D:7)
  15 naga magi
  A water nymph (shapeshifter) (D:13)
  4 guardian serpents
  4 molten gargoyles
  34 black mambas
  3 unseen horrors (D:12)
  12 cane toads
  A centaur skeleton (D:15)
  A tengu conjurer (D:13)
  An efreet (D:15)
  3 gargoyles
  2 freezing wraiths (D:14)
  6 rime drakes
  9 komodo dragons
  A bloated husk (Swamp:1)
  A red devil (Volcano)
  6 meliai (D:14)
  10 trolls
  Prince Ribbit (D:6)
  10 tyrant leeches
  17 hornets
  Grinder (D:5)
  30 blink frogs
  2 polar bears
  A dancing weapon (Orc:1)
  15 slime creatures
  13 dream sheep
  A centaur simulacrum (D:15)
  2 shadows
  3 vampires
  3 wraiths
  19 spriggans
  8 wyverns
  Sigmund (D:6)
  52 yaks
  Eustachio (D:6)
  A fire bat (Volcano)
  4 basilisks
  3 steam dragons
  19 vampire mosquitoes
  Menkaure (D:4)
  2 acid dragons
  30 nagas
  A warg (Orc:2)
  6 swamp worms
  6 hell hounds
  14 water moccasins
  A swamp drake (Swamp:4)
  22 orc warriors
  2 ice beasts
  2 black bears
  A sky beast (D:5)
  43 wolves
  12 ogres
  10 centaurs
  A phantom (D:5)
  3 kobold brigands
  An elf zombie (Ossuary)
  Blork the orc (D:5)
  15 bullfrogs
  2 necrophages
  4 scorpions
  A wight (D:9)
  8 howler monkeys
  5 electric eels
  6 centaur zombies
  6 lava snakes
  4 jellies
  16 orc priests
  11 hounds
  Crazy Yiuf (D:5)
  2 iguanas
  23 orc wizards
  2 hell rats (Lair:1)
  2 ogre zombies (Ossuary)
  7 mummies (Ossuary)
  6 adders
  8 river rats (Lair:1)
  A shadow imp (D:6)
  A white imp (D:5)
  An ufetubus (D:7)
  3 adder zombies (Ossuary)
  A worm (D:4)
  6 dart slugs
  89 orcs
  6 ball pythons
  3 bats
  6 endoplasms
  4 giant cockroaches
  5 goblins
  3 hobgoblins (D:1)
  4 quokkas
  2 frilled lizards
  5 goblin zombies (Ossuary)
  10 kobolds
  6 kobold zombies (Ossuary)
  4 quokka zombies (Ossuary)
  5 rats
  6 rat zombies (Ossuary)
1008 creatures vanquished.

Vanquished Creatures (collateral kills)
  An orc warlord (Orc:2)
  A two-headed ogre (D:9)
  An orc sorcerer (Orc:2)
  A smoke demon (Volcano)
  3 naga magi
  A spriggan (Swamp:1)
  6 nagas
  4 orc warriors
  2 wights (D:9)
  A howler monkey (D:9)
  A hound (D:10)
  3 orc priests (Orc:2)
  4 orc wizards
  7 orcs
  A hobgoblin (D:3)
37 creatures vanquished.

Vanquished Creatures (others)
  2 guardian serpents (Snake:2)
  2 bloated husks (Swamp:4)
  21 dancing weapons
  A swamp drake (Swamp:4)
  An orc warrior (Orc:2)
  An orc priest (Orc:2)
  An orc wizard (D:5)
  8 foxfires
  27 fungi
  23 plants
87 creatures vanquished.

Grand Total: 1132 creatures vanquished

Notes
Turn   | Place    | Note
-------+----------+-------------------------------------------
     0 | D:1      | cfesf the Spriggan Enchanter began the quest for the Orb.
     0 | D:1      | Reached XP level 1. HP: 9/9 MP: 5/5
   346 | D:1      | Reached XP level 2. HP: 13/13 MP: 7/7
   349 | D:1      | Learned a level 2 spell: Ensorcelled Hibernation
   806 | D:1      | Found a faded altar of an unknown god.
  1035 | D:2      | Reached XP level 3. HP: 16/16 MP: 6/9
  1136 | D:2      | Learned a level 3 spell: Tukima's Dance
  1140 | D:2      | Learned a level 3 spell: Confusing Touch
  1328 | D:2      | Found Hyrain's Weapon Shoppe.
  1352 | D:2      | Noticed an ogre
  1377 | D:2      | Killed an ogre
  1378 | D:2      | Reached skill level 5 in Spellcasting
  1378 | D:2      | Reached skill level 5 in Hexes
  1378 | D:2      | Reached XP level 4. HP: 21/21 MP: 2/12
  1378 | D:2      | Reached XP level 5. HP: 24/24 MP: 2/13
  1382 | D:2      | Learned a level 3 spell: Dazzling Flash
  1385 | D:2      | Learned a level 2 spell: Blink
  2232 | D:3      | Gained mutation: Armour fits poorly on your strangely
                  | shaped body. [potion of mutation]
  2233 | D:3      | Lost mutation: Armour fits poorly on your strangely shaped
                  | body. [potion of mutation]
  2233 | D:3      | Gained mutation: Potions are less effective at restoring
                  | your health. [potion of mutation]
  2233 | D:3      | Gained mutation: Your spells are a little easier to cast,
                  | but a little less powerful. [potion of mutation]
  2438 | D:3      | Reached skill level 5 in Stealth
  2884 | D:4      | Found a staircase to the Ecumenical Temple.
  2890 | Temple   | Entered the Ecumenical Temple
  2985 | Temple   | Became a worshipper of Dithmenos the Shadowed
  3160 | D:4      | Reached XP level 6. HP: 22/28 MP: 11/15
  3359 | D:4      | Noticed Menkaure
  3387 | D:4      | Killed Menkaure
  3388 | D:4      | Reached skill level 6 in Stealth
  4128 | D:4      | Reached XP level 7. HP: 29/32 MP: 17/17
  4219 | D:5      | Entered Level 5 of the Dungeon
  4261 | D:5      | Noticed Grinder
  4272 | D:5      | Killed Grinder
  4273 | D:5      | Reached skill level 7 in Stealth
  4329 | D:5      | Noticed Blork the orc
  4336 | D:5      | Killed Blork the orc
  4348 | D:5      | Reached skill level 8 in Stealth
  4397 | D:5      | Reached XP level 8. HP: 27/36 MP: 17/20
  4606 | D:5      | Reached * piety under Dithmenos
  4738 | D:5      | Reached skill level 9 in Stealth
  5017 | D:5      | Found a runed translucent door.
  5018 | D:5      | Noticed Crazy Yiuf
  5027 | D:5      | Killed Crazy Yiuf
  5405 | D:6      | Noticed Eustachio
  5413 | D:6      | Killed Eustachio
  5414 | D:6      | Reached skill level 10 in Stealth
  5558 | D:6      | Reached XP level 9. HP: 27/39 MP: 17/22
  5583 | D:6      | Found a sand-covered staircase.
  5588 | Ossuary  | Entered an ossuary
  5712 | Ossuary  | Reached ** piety under Dithmenos
  6126 | Ossuary  | Reached skill level 11 in Stealth
  6328 | Ossuary  | Lost mutation: Potions are less effective at restoring your
                  | health. [potion of mutation]
  6328 | Ossuary  | Lost mutation: Your spells are a little easier to cast, but
                  | a little less powerful. [potion of mutation]
  6328 | Ossuary  | Gained mutation: You are partially covered in iridescent
                  | scales. (AC +2) [potion of mutation]
  6328 | Ossuary  | Gained mutation: You are agile. (Dex +2) [potion of
                  | mutation]
  6328 | Ossuary  | Gained mutation: You tend to lose your temper in combat.
                  | [potion of mutation]
  6425 | D:6      | Noticed a two-headed ogre
  6436 | D:6      | Killed a two-headed ogre
  6437 | D:6      | Reached skill level 1 in Fighting
  6682 | D:6      | Noticed Sigmund
  6689 | D:6      | Killed Sigmund
  6690 | D:6      | Reached skill level 10 in Hexes
  6720 | D:6      | Noticed Prince Ribbit
  6732 | D:6      | Killed Prince Ribbit
  6738 | D:6      | Reached *** piety under Dithmenos
  7761 | D:7      | Noticed Joseph
  7841 | D:7      | Killed Joseph
  7842 | D:7      | Reached skill level 12 in Stealth
  7842 | D:7      | Reached skill level 10 in Spellcasting
  7842 | D:7      | Reached XP level 10. HP: 46/46 MP: 23/25
  8241 | D:8      | Reached skill level 5 in Dodging
  8595 | D:9      | Noticed a two-headed ogre
  8614 | D:9      | Killed a two-headed ogre
  8893 | D:9      | Found a staircase to the Orcish Mines.
  8894 | D:9      | Found an ornate altar of the Wu Jian Council.
  9102 | D:9      | Noticed a two-headed ogre
  9115 | D:9      | Killed a two-headed ogre
  9229 | D:9      | Reached **** piety under Dithmenos
  9394 | D:9      | Reached skill level 5 in Short Blades
  9413 | D:9      | Reached skill level 13 in Stealth
 10158 | D:10     | Entered Level 10 of the Dungeon
 10244 | D:10     | Found a staircase to the Lair.
 10252 | D:10     | Noticed Fannar
 10430 | D:10     | Noticed a two-headed ogre
 10431 | D:10     | Reached XP level 11. HP: 53/53 MP: 23/26
 10442 | D:10     | Killed a two-headed ogre
 10819 | D:10     | Killed Fannar
 11049 | D:10     | Noticed Urug
 11061 | D:10     | Killed Urug
 11494 | D:10     | Found a sparkling altar of Nemelex Xobeh.
 11574 | D:10     | Found Ivyim's Magic Scroll Emporium.
 11582 | D:10     | Bought a scroll of enchant weapon for 105 gold pieces
 11582 | D:10     | Bought a scroll of summoning for 133 gold pieces
 11973 | D:11     | Noticed a two-headed ogre
 11973 | D:11     | Noticed a two-headed ogre
 11974 | D:11     | Noticed Lodul
 11976 | D:11     | Noticed a two-headed ogre
 11978 | D:11     | Killed a two-headed ogre
 11980 | D:11     | Noticed a two-headed ogre
 11984 | D:11     | Killed a two-headed ogre
 11985 | D:11     | Reached skill level 14 in Stealth
 12389 | D:10     | Killed a two-headed ogre
 12426 | D:11     | Reached ***** piety under Dithmenos
 12468 | D:11     | Killed Lodul
 12478 | D:10     | Killed a two-headed ogre
 12479 | D:10     | Reached skill level 5 in Fighting
 12904 | D:11     | Noticed an eight-headed hydra
 12908 | D:11     | Noticed a two-headed ogre
 12911 | D:11     | Killed an eight-headed hydra
 12923 | D:11     | Reached XP level 12. HP: 58/60 MP: 24/28
 12952 | D:11     | Killed a two-headed ogre
 13219 | D:11     | Found Xudasite's Antique Armour Shop.
 14168 | D:12     | Noticed a seven-headed hydra
 14178 | D:12     | Killed a seven-headed hydra
 14238 | D:12     | Noticed a two-headed ogre
 14244 | D:12     | Killed a two-headed ogre
 14245 | D:12     | Reached skill level 15 in Stealth
 14285 | D:12     | Noticed a boulder beetle
 14291 | D:12     | Killed a boulder beetle
 14322 | D:12     | Found a white marble altar of Elyvilon.
 14699 | D:13     | Noticed a boulder beetle
 14710 | D:13     | HP: 2/60 [boulder beetle (58)]
 14713 | D:13     | Killed a boulder beetle
 15032 | D:13     | Noticed a centaur warrior
 15042 | D:13     | Killed a centaur warrior
 15200 | D:13     | You fall into a shaft and drop 2 floors!
 15200 | D:15     | Entered Level 15 of the Dungeon
 15242 | D:15     | Reached skill level 10 in Dodging
 15409 | D:15     | Noticed a tengu warrior
 15424 | D:15     | Killed a tengu warrior
 15426 | D:15     | Lost mutation: You are agile. (Dex +2) [potion of mutation]
 15426 | D:15     | Lost mutation: You tend to lose your temper in combat.
                  | [potion of mutation]
 15426 | D:15     | Gained mutation: You have a somewhat thin skeletal
                  | structure. (Dex +2, Stealth+) [potion of mutation]
 15426 | D:15     | Gained mutation: Your magical capacity is low. (-10% MP)
                  | [potion of mutation]
 15566 | D:14     | Noticed a centaur warrior
 15567 | D:14     | Noticed a death knight
 15571 | D:14     | Killed a death knight
 15573 | D:14     | Killed a centaur warrior
 15574 | D:14     | Reached XP level 13. HP: 60/65 MP: 22/27
 15839 | D:13     | Found an ancient bone altar of Kikubaaqudgha.
 15972 | D:13     | Reached skill level 16 in Stealth
 16309 | D:13     | Found a gate to the Vaults.
 16309 | D:13     | Noticed an ironbound preserver
 16309 | D:13     | Noticed Erolcha
 16311 | D:13     | Killed Erolcha
 16318 | D:13     | Killed an ironbound preserver
 18022 | D:14     | Reached skill level 17 in Stealth
 18190 | D:14     | Lost mutation: Your magical capacity is low. (-10% MP)
                  | [potion of mutation]
 18190 | D:14     | Lost mutation: You have a somewhat thin skeletal structure.
                  | (Dex +2, Stealth+) [potion of mutation]
 18190 | D:14     | Gained mutation: You have sharp toenails. [potion of
                  | mutation]
 18190 | D:14     | Gained mutation: Your movements are slightly less
                  | encumbered by armour. (ER -2) [potion of mutation]
 18263 | D:14     | Reached XP level 14. HP: 72/72 MP: 16/32
 18720 | Lair:1   | Entered Level 1 of the Lair of Beasts
 18760 | Lair:1   | Found a dark tunnel.
 18768 | Volcano  | Entered a volcano
 18865 | Volcano  | Reached skill level 10 in Short Blades
 18869 | Volcano  | Found a bloodstained altar of Trog.
 18949 | Volcano  | Identified the +2 pair of boots "Xushuot" {-Tele rPois
                  | Int+8 Dex-3}
 19150 | Lair:1   | Reached ****** piety under Dithmenos
 20616 | Lair:2   | Identified a scroll of acquirement
 20625 | Lair:2   | Acquired a book of Geomancy
 20631 | Lair:2   | Learned a level 3 spell: Stone Arrow
 21373 | Lair:3   | Found a staircase to the Snake Pit.
 21457 | Lair:3   | Found a radiant altar of Vehumet.
 21882 | Lair:3   | Found a staircase to the Swamp.
 22693 | Lair:4   | Reached skill level 18 in Stealth
 22914 | Lair:4   | Identified the +4 whip of Irritation {vorpal, Str+5 Stlth-}
 24032 | Lair:6   | Entered Level 6 of the Lair of Beasts
 24032 | Lair:6   | Found a snail-covered altar of Cheibriados.
 24069 | Lair:6   | Reached skill level 15 in Hexes
 24568 | Lair:6   | Reached XP level 15. HP: 78/78 MP: 34/34
 24667 | Lair:5   | Reached skill level 19 in Stealth
 24667 | Lair:5   | Reached XP level 16. HP: 82/82 MP: 35/35
 24668 | Lair:5   | Reached skill level 20 in Stealth
 24668 | Lair:5   | Reached XP level 17. HP: 86/86 MP: 36/36
 25175 | Lair:6   | Reached skill level 15 in Spellcasting
 25979 | Lair:6   | Found a staircase to the Slime Pits.
 25979 | Lair:6   | Found a viscous altar of Jiyva.
 26624 | Lair:6   | Found a large runed translucent door.
 26624 | Lair:6   | Found a large runed translucent door.
 27561 | Orc:1    | Entered Level 1 of the Orcish Mines
 27618 | Orc:2    | Entered Level 2 of the Orcish Mines
 27625 | Orc:2    | Found Acso's Jewellery Shoppe.
 27661 | Orc:2    | Found Rucwecsi's Book Emporium.
 27678 | Orc:2    | Found a staircase to the Elven Halls.
 27686 | Orc:2    | Found Calimik's Magic Scroll Shop.
 27719 | Orc:2    | Bought a scroll of teleportation for 45 gold pieces
 27719 | Orc:2    | Bought a scroll of teleportation for 45 gold pieces
 27719 | Orc:2    | Bought a scroll of teleportation for 45 gold pieces
 27809 | Orc:2    | Found Xyuttien's Jewellery Shop.
 28187 | Orc:2    | Found Ewileu's Magic Scroll Boutique.
 28209 | Orc:2    | Bought a scroll of immolation for 49 gold pieces
 28209 | Orc:2    | Bought a scroll of magic mapping for 49 gold pieces
 29276 | Orc:2    | Found Poif Toe's Book Boutique.
 29354 | Orc:2    | Reached skill level 21 in Stealth
 29857 | Orc:2    | Found Enoub's Assorted Antiques.
 29859 | Orc:2    | Found Faweyjan's General Store.
 29953 | Orc:2    | Found Qoezea's Antique Weapon Shoppe.
 29970 | Orc:2    | Bought a potion of curing for 75 gold pieces
 29970 | Orc:2    | Bought a scroll of immolation for 87 gold pieces
 31012 | D:15     | Found a staircase to the Depths.
 31215 | Snake:1  | Entered Level 1 of the Snake Pit
 33065 | Snake:1  | Reached skill level 15 in Dodging
 33073 | Snake:1  | Reached XP level 18. HP: 93/93 MP: 39/39
 33556 | Snake:2  | Noticed Aizul
 33576 | Snake:2  | Killed Aizul
 33611 | Snake:2  | Noticed Frances
 33614 | Snake:2  | Killed Frances
 33825 | Snake:2  | Found Dyrut's Jewellery Shop.
 33827 | Snake:2  | Found Borromin's Assorted Antiques.
 33830 | Snake:2  | Found Jutsiej's Book Shop.
 33835 | Snake:2  | Bought a potion of curing for 78 gold pieces
 34219 | Snake:2  | Reached skill level 10 in Fighting
 34225 | Snake:2  | Reached skill level 22 in Stealth
 35298 | Snake:2  | HP: 3/93 [naga mage (2)]
 36966 | Snake:3  | Found a glowing golden altar of the Shining One.
 36975 | Snake:3  | Noticed Louise
 36979 | Snake:3  | Killed Louise
 37771 | Snake:4  | Entered Level 4 of the Snake Pit
 37860 | Swamp:1  | Entered Level 1 of the Swamp
 38400 | Swamp:1  | You fall into a shaft and drop 1 floor!
 38736 | Swamp:2  | Acquired the amulet of Duniv {Reflect Regen+ Int+3 SH+5
                  | Stlth+}
 39085 | Swamp:3  | Found a runed translucent door.
 39094 | Swamp:3  | Reached skill level 23 in Stealth
 39107 | Swamp:3  | Noticed Ijustatesigmund's ghost (adept MiFi)
 39108 | Swamp:3  | Identified the +8 spear "Kisutym" {freeze, Will+ Int+4}
 39597 | Swamp:3  | Reached XP level 19. HP: 85/99 MP: 38/41
 40139 | Swamp:4  | Entered Level 4 of the Swamp
 40853 | Orc:2    | Bought 2 scrolls of enchant weapon for 375 gold pieces
 40867 | Orc:2    | Bought a scroll of enchant armour for 112 gold pieces
 41020 | D:10     | Bought a scroll of enchant armour for 105 gold pieces
 41020 | D:10     | Bought a scroll of holy word for 105 gold pieces
 41624 | Swamp:4  | Noticed the 27-headed Lernaean hydra
 41636 | Swamp:4  | Slain by the 27-headed Lernaean hydra

Illustrated notes

Levels and vault maps discovered:
D:1:      psy_arrival_whirlpool, layout_loops_ring,
          dreamdust_ecumenical_altar_hidden_monk_grotto
D:2:      layout_rooms, serial_shops, nicolae_shop_bloodbath_and_beyond,
          chequers_serial_rivers_large_a, minmay_misc_feat_chi,
          grunt_ministairs_1, feat_on_display
D:3:      layout_basic, nrook_uturn, minivault_23,
          amcnicky_mini_rare_corridor_liquid, dreamdust_princess_corridor,
          chequers_avenue
D:4:      layout_loops_corners, minmay_temple_entry_hall,
          hangedman_minor_gate_pass, uniq_menkaure
D:5:      layout_basic, grunt_ministairs_9, minmay_a_box_with_orc_wizards_in_it,
          uniq_grinder, uniq_blork_the_orc, uniq_crazy_yiuf_cottage
D:6:      layout_cave_pods, enter_ossuary_5, uniq_eustachio, uniq_sigmund,
          uniq_prince_ribbit1
D:7:      layout_rooms, uniq_joseph
D:8:      layout_basic, minivault_22
D:9:      layout_roguey, mainiacjoe_overflow_concentric_impassable, orc_0_dummy,
          special_room [special_room_orc], minmay_door_square,
          hangedman_abyss_or_decor_stagger, minmay_misc_feat_enclosed,
          serial_bayou_pond_d
D:10:     layout_gridville, lemuel_tele_altar, erik_lair_island, serial_shops,
          nicolae_shop_window_shopping, minmay_fractal_squares_5, uniq_fannar,
          uniq_urug
D:11:     layout_basic, serial_shops, nicolae_shop_behind_doors,
          portal_ice_cave_entry_pillars_2, uniq_lodul
D:12:     layout_cave_pools, serial_bayou_lagoon_a, elyvilon_altar_3
D:13:     layout_roguey, skrybe_vaults_entry_preservation,
          nicolae_kikubaaqudgha_miasma_corner, uniq_erolcha
D:14:     layout_stronghold, dreamdust_mushroom_princess,
          roderic_serpentine_path
D:15:     grunt_enter_depths_magical_seal, layout_irregular_city,
          grunt_decor_arrowhead, chequers_serial_rivers_room_b
Temple:   regret_index_temple_chain_breaker
Lair:1:   layout_regular_city, nicolae_volcano_entry_hallway, kennysheep_rathole
Lair:2:   layout_cave_pods
Lair:3:   layout_loops_ring, swamp_mist, lemuel_oklob_altar
Lair:4:   layout_misc_corridors
Lair:5:   layout_cave_pods, infiniplex_staircase_pool_2, grunt_megastairs_2
Lair:6:   cheibrodos_lair_end_hotspot, layout_misc_corridors, slime_altar_1,
          basic_altar, chequers_serial_rivers_room_a,
          grunt_forest_large_clearings
Swamp:1:  layout_basic_swamp, nicolae_swamp_big_swirl
Swamp:2:  layout_basic_swamp, evilmike_swamp_ruin_wall
Swamp:3:  nicolae_swamp_secret_spriggan_hideout, layout_basic_swamp,
          ebering_ghost_funeral_grove, nicolae_swamp_little_swirl
Swamp:4:  swamp_old_school, layout_basic_swamp, infiniplex_staircase_pool
Snake:1:  layout_cave_pods
Snake:2:  layout_cave_pods, nicolae_snake_storage_room, grunt_megastairs_5,
          lemuel_fruit_tree, minmay_shop_star, serial_bayou_shore_b,
          uniq_frances, uniq_aizul
Snake:3:  layout_onion_interference, basic_altar, uniq_louise
Snake:4:  hellmonk_snake_rune_quicksilver_temple, layout_onion_interference,
          uniq_mlioglotl
Orc:1:    layout_diamond_mine
Orc:2:    st_orc_elflike, layout_diamond_mine, serial_shops, shop, shop_statue,
          shop, nicolae_shop_window_shopping, nicolae_square_shop

Skill      XL: |  1  2  3  4  5  6  7  8  9 10 11 12 13 14 15 16 17 18 19 |
---------------+----------------------------------------------------------+-----
Spellcasting   | 3 5 6 7 8 10 11 12 13 14 16 17 18 | 18.0
Hexes          | 4 5 6 7 9 10 11 12 13 14 15 16 17 18 19 | 19.3
Stealth        | 5 6 8 10 12 13 14 15 17 18 19 20 21 23 | 23.7
Fighting       | 2 3 5 6 7 8 9 10 11 | 11.4
Short Blades   | 3 5 7 8 9 11 12 | 12.0
Dodging        | 4 6 8 10 11 13 15 16 17 | 17.3

Action                   |  1- 3 |  4- 6 |  7- 9 | 10-12 | 13-15 | 16-18 | 19-21 || total
-------------------------+-------+-------+-------+-------+-------+-------+-------++-------
Melee: Dagger            |    74 |    93 |   301 |   298 |   625 |   933 |    51 ||  2375
       Punch             |     1 |     1 |     5 |     2 |     6 |       |       ||    15
       Kick              |       |       |       |       |   176 |   293 |    37 ||   506
       Quick blade       |       |       |       |       |       |       |    63 ||    63
Throw: Dart              |       |       |       |       |       |       |     2 ||     2
 Cast: Ensorcelled Hiber |    10 |    13 |    27 |    81 |   142 |   212 |    38 ||   523
       Tukima's Dance    |     1 |     1 |     5 |    28 |     6 |    55 |     3 ||    99
       Confusing Touch   |     1 |     1 |    10 |    13 |    11 |    17 |     2 ||    55
       Stone Arrow       |       |       |       |       |       |     2 |     2 ||     4
Invok: Shadow Step       |       |       |       |     1 |       |     3 |     1 ||     5
Evoke: Wand              |       |       |       |     9 |     5 |    17 |     6 ||    37
       Box of beasts     |       |       |       |       |       |     1 |     1 ||     2
       Tin of tremorston |       |       |       |       |       |       |     2 ||     2
  Use: Scroll            |     4 |    10 |    10 |     9 |     4 |    13 |    10 ||    60
       Potion            |       |     4 |     5 |     5 |     9 |    10 |     5 ||    38
 Stab: Sleeping          |    18 |    14 |    57 |    62 |   141 |   260 |    47 ||   599
       Confused          |     1 |       |    10 |    11 |    12 |    13 |     3 ||    50
       Distracted        |       |     1 |       |     1 |     5 |    12 |     1 ||    20
       Invisible         |       |       |     5 |       |       |       |       ||     5
Armor: Robe              |     4 |    15 |    36 |    42 |    74 |    86 |     3 ||   260
       Steam dragon scal |       |       |       |       |       |       |    26 ||    26
Dodge: Dodged            |    53 |    51 |   190 |   278 |   573 |   797 |   144 ||  2086
Block: Orb               |       |       |       |       |       |    16 |    15 ||    31

Table legend: (Time is in decaauts)
 A = Elapsed time spent in this place.
 B = Non-inter-level travel time spent in this place.
 C = Inter-level travel time spent in this place.
 D = Time resting spent in this place.
 E = Time spent auto-exploring this place.
 F = Levels seen in this place.
 G = Mean time per level.
                   A        B        C        D        E       F      G
               +--------+--------+--------+--------+--------+-----+--------+
         Total |  32019 |  30545 |   1474 |   5751 |  18563 |  34 |  941.7 |
       Dungeon |  14496 |  13909 |    587 |   2178 |   9119 |  15 |  966.4 |
        Temple |     67 |     58 |      9 |      0 |     44 |   1 |   67.0 |
          Lair |   7207 |   6855 |    352 |   1383 |   4172 |   6 | 1201.2 |
         Swamp |   2480 |   2367 |    113 |    376 |   1262 |   4 |  620.0 |
     Snake Pit |   4828 |   4668 |    160 |   1378 |   2487 |   4 | 1207.0 |
  Orcish Mines |   2090 |   1840 |    250 |    279 |   1148 |   2 | 1045.0 |
       Ossuary |    606 |    606 |      0 |     57 |    318 |   1 |  606.0 |
       Volcano |    242 |    242 |      0 |     98 |      9 |   1 |  242.0 |
               +--------+--------+--------+--------+--------+-----+--------+

Top non-repeatable levels by time:
 Snake:2: 2864 daAuts
  Lair:6: 2455 daAuts
    D:10: 1915 daAuts
    D:14: 1810 daAuts
  Lair:3: 1634 daAuts
   Orc:2: 1495 daAuts
     D:9: 1491 daAuts
    D:13: 1305 daAuts
 Snake:1: 1300 daAuts
     D:6: 1075 daAuts
 Swamp:3: 1032 daAuts
     D:4: 932 daAuts
  Lair:5: 926 daAuts
     D:5: 913 daAuts
  Lair:2: 878 daAuts
